 Dungeon Crawl Stone Soup version 0.30-a0-859-gf88a04b62d (webtiles) character file.

Game seed: 13501883903715227818

60 Darius099 the Conjurer (level 4, -2/30 HPs)
             Began as a Human Conjurer on Mar 6, 2023.
             Slain by a gnoll
             ... wielding a +0 club
              (5 damage)
             ... on level 2 of the Dungeon.
             The game lasted 00:10:30 (2499 turns).

Darius099 the Conjurer (Human Conjurer)             Turns: 2499, Time: 00:10:31

Health: -2/30      AC:  5    Str:  8    XL:     4   Next: 25%
Magic:  5/8        EV: 12    Int: 20    God:
Gold:   89         SH:  0    Dex: 11    Spells: 7/8 levels left

rFire   . . .      SeeInvis .    d - +0 whip
rCold   . . .      Faith    .    (no shield)
rNeg    . . .      Spirit   .    a - +0 robe
rPois   .          Reflect  .    e - +0 helmet
rElec   .          Rampage  .    c - +1 cloak
rCorr   .                        (no gloves)
Will    .....                    (no boots)
Stlth   ++                       (no amulet)
HPRegen 0.25/turn                (no ring)
MPRegen 0.11/turn                (no ring)

@: very slightly contaminated
A: no striking features
a: no special abilities


You were on level 2 of the Dungeon.
You visited 1 branch of the dungeon, and saw 2 of its levels.

You collected 89 gold pieces.

Inventory:

Hand Weapons
 d - a +0 whip (weapon)
Armour
 a - a +0 robe (worn)
 c - a +1 cloak (worn)
 e - a +0 helmet (worn)
Scrolls
 f - 2 scrolls of amnesia {unknown}
 g - a scroll of brand weapon {unknown}
 h - a scroll of blinking {unknown}
 j - a scroll of noise {unknown}
 l - 2 scrolls of magic mapping {unknown}
 n - a scroll of identify {unknown}
Potions
 i - a potion of resistance {unknown}
 k - a potion of flight {unknown}
 m - a potion of lignification {unknown}


   Skills:
 - Level 2.2 Dodging
 - Level 2.3 Stealth
 + Level 2.9 Spellcasting
 + Level 4.6 Conjurations


You had 7 spell levels left.
You knew the following spells:

 Your Spells              Type           Power      Damage    Failure   Level
a - Magic Dart            Conj           84%        1d7       2%          1

Your spell library contained the following spells:

 Spells                   Type           Power      Damage    Failure   Level
 Searing Ray              Conj           42%        2d6       3%          2
 Dazzling Flash           Conj/Hex       24%        N/A       17%         3
 Fulminant Prism          Conj/Hex       6%         3d7       50%         4
 Iskenderun's Mystic Bla  Conj/Tloc      12%        2d5       50%         4
 Agony                    Necr           2%         N/A       99%         5
 Silence                  Hex/Air        1%         N/A       99%         5


Dungeon Overview and Level Annotations

Branches:
Dungeon (2/15)

Altars:


Message History

The gnoll hits you with a +0 club. The gnoll hits you but does no damage.
You don't have enough magic to cast this spell.
You struggle against the net.
The gnoll hits you with a +0 club. The gnoll barely misses you.
You struggle against the net.
The gnoll barely misses you. The gnoll hits you with a +0 whip.
You rip the net and break free!
The gnoll hits you with a +0 club. The gnoll hits you with a +0 whip.
The gnoll attacks as you move away! The gnoll hits you but does no damage.
The gnoll attacks as you move away! The gnoll hits you but does no damage.
The gnoll attacks as you move away! The gnoll hits you with a +0 club.
* * * LOW HITPOINT WARNING * * *
Magic courses through your body. The gnoll completely misses you.
Aiming: Magic Dart (safe; 2% risk of failure)
Press: ? - help, Q - select action Shift-Dir - straight line, f/p - gnoll
Aim: a gnoll, wielding a +0 whip (heavily wounded, 100% to hit)
The magic dart hits the gnoll.
The gnoll is severely wounded.
The gnoll misses you. The gnoll hits you with a +0 whip.
* * * LOW HITPOINT WARNING * * *
Aiming: Magic Dart (safe; 2% risk of failure)
Press: ? - help, Q - select action Shift-Dir - straight line, f/p - gnoll
Aim: a gnoll, wielding a +0 whip (severely wounded, 100% to hit)
The magic dart hits the gnoll.
The gnoll is almost dead.
The gnoll hits you but does no damage. The gnoll closely misses you.
Aiming: Magic Dart (safe; 2% risk of failure)
Press: ? - help, Q - select action Shift-Dir - straight line, f/p - gnoll
Aim: a gnoll, wielding a +0 whip (almost dead, 100% to hit)
The magic dart hits the gnoll.
You kill the gnoll!
The gnoll barely misses you.
Aiming: Magic Dart (safe; 2% risk of failure)
Press: ? - help, Q - select action Shift-Dir - straight line, f - gnoll
Aim: a gnoll, wielding a +0 club (lightly wounded, 100% to hit)
You miscast Magic Dart.
You are very lightly contaminated with residual magic.
Nothing appears to happen.
The gnoll hits you with a +0 club.
You die...

#.. ###.### ## #.....### .#
#.#.....# .# ##### #.#.....# .#
....# #.#.....# .# ....#
#.#.....#########.#
....#####.#.#...@g.......)#
.................).......>#.###
..........#.#..##.....###.#...
####......#.#..##.....##.....#
####......#.#...+.....##.....#
...#......#.#..##..)..##.....####
...#......#.#..##.....##.........
..........#.##.##.....##......###
...#.####.#.##..)...............#


You could see a gnoll.

Vanquished Creatures
  2 gnolls (D:2)
  An adder (D:2)
  3 endoplasms (D:1)
  A giant cockroach (D:2)
  3 goblins (D:2)
  2 hobgoblins (D:2)
  3 jackals (D:1)
  4 ball pythons
  2 bats
  4 frilled lizards
  4 kobolds
  6 rats
35 creatures vanquished.

Notes
Turn   | Place    | Note
-------+----------+-------------------------------------------
     0 | D:1      | Darius099 the Human Conjurer began the quest for the Orb.
     0 | D:1      | Reached XP level 1. HP: 13/13 MP: 3/3
   420 | D:1      | Found a faded altar of an unknown god.
   618 | D:1      | Reached XP level 2. HP: 11/19 MP: 0/5
  1699 | D:2      | Reached XP level 3. HP: 24/24 MP: 4/6
  2483 | D:2      | Reached XP level 4. HP: 28/30 MP: 1/8
  2499 | D:2      | Slain by a gnoll

Illustrated notes

Levels and vault maps discovered:
D:1:      dpeg_arrival_rhombi, layout_loops_corners,
          ebering_ecumenical_altar_petrified, nicolae_hexahallways
D:2:      layout_basic

Action                     |  1- 3 |  4- 6 || total
---------------------------+-------+-------++-------
  Melee: Unarmed           |     2 |       ||     2
         Whip              |     9 |       ||     9
   Cast: Magic Dart        |    61 |     4 ||    65
    Use: Potion            |       |     1 ||     1
 Armour: Robe              |    12 |     4 ||    16
  Dodge: Dodged            |    18 |     6 ||    24

Table legend: (Time is in decaauts)
 A = Elapsed time spent in this place.
 B = Non-inter-level travel time spent in this place.
 C = Inter-level travel time spent in this place.
 D = Time resting spent in this place.
 E = Time spent auto-exploring this place.
 F = Levels seen in this place.
 G = Mean time per level.
                   A        B        C        D        E       F      G
               +--------+--------+--------+--------+--------+-----+--------+
         Total |   2499 |   2367 |    132 |    493 |    874 |   2 | 1249.5 |
       Dungeon |   2499 |   2367 |    132 |    493 |    874 |   2 | 1249.5 |
               +--------+--------+--------+--------+--------+-----+--------+

Top non-repeatable levels by time:
     D:1: 1590 daAuts
     D:2: 909 daAuts
